[Event "*** SCC Grand Prix: Titled Tuesday Blitz"]
[Site "Chess.com"]
[Date "2020.07.14"]
[Round "8"]
[White "DaggiGretarsson"]
[Black "Jbd735"]
[Result "0-1"]
[WhiteElo "2575"]
[BlackElo "2466"]
[TimeControl "180+1"]
[EndTime "11:36:41 PDT"]
[Termination "Jbd735 won on time"]

1. d4 d5 2. c4 c6 3. Nc3 e6 4. e3 Nf6 5. g4 Nbd7 6. g5 Ng8 7. Nf3 Bd6 8. h4 Ne7 9. Qc2 dxc4 10.
Bxc4 b5 11. Be2 Bb7 12. Bd2 a6 13. Ne4 Nb6 14. b4 Ned5 15. a3 O-O 16. Rg1 a5 17.
bxa5 Nc4 18. Bxc4 bxc4 19. Qxc4 Ba6 20. Qc2 Bc7 21. Ne5 Bxe5 22. dxe5 Rb8 23. f4 Nxf4 24. exf4 Qd4 25. Rg3 Qxa1+ 26. Bc1 Rb1 27. Rc3 Rd8 28.
Nf6+ gxf6 29. gxf6 Rxc1+ 30. Qxc1 Qxc1+ 31. Rxc1 Bb5 32. Rd1 Rxd1+ 33. Kxd1 Kf8 34. Kd2 Ke8 35. a4 Ba6 36.
Kc3 c5 37. h5 Kd7 38. h6 Kc6 39. f5 Kd5 40. fxe6 Kxe6 0-1

[Event "*** SCC Grand Prix: Titled Tuesday Blitz"]
[Site "Chess.com"]
[Date "2020.07.14"]
[Round "8"]
[White "GGfrances"]
[Black "Oneofmyturns"]
[Result "0-1"]
[WhiteElo "2402"]
[BlackElo "2709"]
[TimeControl "180+1"]
[EndTime "11:36:42 PDT"]
[Termination "Oneofmyturns won by resignation"]

1. e4 e5 2. Nf3 Nc6 3. Bc4 Bc5 4. b4 Bxb4 5. c3 Ba5 6. O-O Nf6 7. Ng5 O-O 8. Qb3 Qe7 9. Ba3 d6 10. d4 Bb6 11.
dxe5 Nxe5 12. Nd2 h6 13. Ngf3 Nxc4 14. Qxc4 Ng4 15. h3 Ne5 16. Nxe5 Qxe5 17. Nf3 Qh5 18. Qe2 Re8 19. Rfe1 f5 20. Qd3 fxe4 21. Rxe4 Bf5 22. Qd5+ Kh8 23. Rh4 Qg6 24. Qd2 Re4 25. Re1 Rae8 26.
Rexe4 Rxe4 27. Kh2 Qf7 28. Ng5 Qe7 29. Rxe4 Bxe4 30.
Nxe4 Qxe4 31. Bb2 Qe5+ 32. g3 Qf5 33. Kg2 Qe4+ 34. Kg1 Qf3 35. Kf1 Qh1+ 36. Ke2 Qxh3 37.
c4 Qe6+ 38. Kf1 Qxc4+ 39. Kg2 Qe4+ 40. Kg1 Qe6 41. Qf4 Kg8 42. a4 a5 43. Qf3 c6 44. Qc3 Qf7 45. Qd3 Qxf2+ 0-1

[Event "*** SCC Grand Prix: Titled Tuesday Blitz"]
[Site "Chess.com"]
[Date "2020.07.14"]
[Round "8"]
[White "volcanoexplorer"]
[Black "JoakimVonAnd"]
[Result "1-0"]
[WhiteElo "2583"]
[BlackElo "2446"]
[TimeControl "180+1"]
[EndTime "11:36:42 PDT"]
[Termination "volcanoexplorer won by resignation"]

1. e4 c6 2. d4 d5 3. exd5 cxd5 4.
Bd3 Nf6 5. h3 Nc6 6. c3 g6 7. Nf3 Bf5 8. Be2 Bg7 9. O-O O-O 10.
Re1 Ne4 11. Nbd2 e5 12. dxe5 Nxe5 13. Nxe5 Bxe5 14. Nf3 Bg7 15. Be3 Rc8 16. Qb3 b6 17. Rad1 Be6 18. Nd4 Qe7 19. Ba6 Rc7 20.
Bf4 Rd7 21. Bb5 Qh4 22. g3 Qxh3 23. Nxe6 fxe6 24. Rxe4 Rdf7 25. Bf1 Qh5 26. Ra4 Kh8 27. Be3 Bh6 28. Rh4 Bxe3 29. Rxh5 Bxf2+ 30. Kg2 gxh5 31. Qc2 Bc5 32. Be2 Rf2+ 33. Kh3 R8f5 34. Qd3 Rg5 35. b4 Bd6 36. Qd4+ Be5 37. Qxf2 Rxg3+ 38. Qxg3 Bxg3 39.
Kxg3 Kg7 40. Bxh5 Kf6 41. Kf4 e5+ 42. Kg3 d4 43. cxd4 exd4 44. Rxd4 Ke5 45. Rd7 1-0

[Event "*** SCC Grand Prix: Titled Tuesday Blitz"]
[Site "Chess.com"]
[Date "2020.07.14"]
[Round "8"]
[White "Parkas"]
[Black "AlexSuv"]
[Result "0-1"]
[WhiteElo "2338"]
[BlackElo "2526"]
[TimeControl "180+1"]
[EndTime "11:36:44 PDT"]
[Termination "AlexSuv won by resignation"]

1. d4 Nf6 2. Nc3 d5 3. Bf4 g6 4.
e3 Bg7 5. h4 h5 6. Nf3 O-O 7.
Ne5 c5 8. dxc5 Qa5 9. a3 Qxc5 10. Qd4 Qa5 11. Be2 Nc6 12. Nxc6 bxc6 13. b4 Qd8 14. Be5 Ne8 15. Bxg7 Nxg7 16. e4 Ne6 17. Qe5 d4 18. Na4 a5 19. O-O Ba6 20. Bxa6 Rxa6 21. Nc5 Nxc5 22.
bxc5 Qd7 23. Rfd1 Rd8 24. Rd3 f6 25. Qg3 Kg7 26. Rad1 e5 27. c3 Ra7 28. cxd4 exd4 29. e5 Qe7 30. Rxd4 Rxd4 31. Rxd4 fxe5 32. Rd6 Qe8 33. Qf3 Re7 34. Rxc6 e4 35. Qf6+ Kh7 36. Kh2 Rg7 37. Re6 Qb8+ 38. Qe5 Qf8 39. c6 Qxf2 40. Re7 Qxh4+ 41. Kg1 Qe1+ 42. Kh2 Qh4+ 43. Kg1 Qxe7 44. Qd5 e3 0-1

[Event "*** SCC Grand Prix: Titled Tuesday Blitz"]
[Site "Chess.com"]
[Date "2020.07.14"]
[Round "8"]
[White "WashUntilHoles"]
[Black "DariaVoit"]
[Result "1/2-1/2"]
[WhiteElo "2707"]
[BlackElo "2504"]
[TimeControl "180+1"]
[EndTime "11:36:45 PDT"]
[Termination "Game drawn by repetition"]

1. e4 e6 2. d4 d5 3. Nd2 Nf6 4. e5 Nfd7 5. Bd3 c5 6. c3 Nc6 7. Ne2 cxd4 8. cxd4 f6 9. exf6 Nxf6 10. Nf3 Bd6 11.
Bf4 Bxf4 12. Nxf4 O-O 13. O-O Ne4 14. Qc1 Ng5 15. Nxg5 Qxg5 16. Ne2 Qxc1 17. Raxc1 a6 18. f4 Bd7 19. a3 Rac8 20. Rc3 h6 21. g3 Kf7 22. Kf2 Ke7 23. Ke3 Kd6 24. b4 Na7 25.
Rfc1 Rxc3 26. Rxc3 Rc8 27. Rc5 Ra8 28. Ng1 Bb5 29. Nf3 Bxd3 30. Kxd3 Nc6 31. Rc2 b5 32. Ne5 Nxe5+ 33. dxe5+ Kd7 34. Kd4 Rf8 35. h4 h5 36.
Rg2 g6 37. Rc2 Rc8 38. Rxc8 Kxc8 39. Kc5 Kd7 40. Kd4 Kc6 41. Kd3 Kd7 42. Kd4 Ke7 43.
Kd3 Kd7 44. Kd4 1/2-1/2

[Event "*** SCC Grand Prix: Titled Tuesday Blitz"]
[Site "Chess.com"]
[Date "2020.07.14"]
[Round "8"]
[White "Xeniya2005"]
[Black "Azatic"]
[Result "0-1"]
[WhiteElo "2398"]
[BlackElo "2638"]
[TimeControl "180+1"]
[EndTime "11:36:45 PDT"]
[Termination "Azatic won on time"]

1. e4 c5 2. Be2 e6 3. f4 Nc6 4. Nf3 d6 5. O-O Nf6 6. d3 Be7 7. c3 O-O 8. Kh1 a6 9. a4 Rb8 10. Be3 b5 11. axb5 axb5 12. Nbd2 Bb7 13. Qc2 d5 14. Bg1 dxe4 15. dxe4 c4 16. Rfd1 Qc7 17. g3 Rfd8 18. Nd4 e5 19. Nxc6 Qxc6 20. Bf3 exf4 21. gxf4 h5 22. Bd4 Ng4 23. Re1 Bc5 24.
Bxc5 Qxc5 25. Re2 Rd3 26. Rae1 Rbd8 27. Bxg4 hxg4 28. Nf1 Qh5 29. Kg1 Qh4 30. Rf2 g6 31.
Ng3 Rf3 32. Qe2 Rxf2 33. Qxf2 Rd3 34. Re3 Rd1+ 35. Re1 Rd3 36. Re3 Qd8 37. f5 Rd1+ 38. Re1 Rd2 39. Qe3 Rxb2 40. fxg6 fxg6 0-1

[Event "*** SCC Grand Prix: Titled Tuesday Blitz"]
[Site "Chess.com"]
[Date "2020.07.14"]
[Round "8"]
[White "ErikRonka"]
[Black "alfiefischer77"]
[Result "0-1"]
[WhiteElo "2352"]
[BlackElo "2219"]
[TimeControl "180+1"]
[EndTime "11:36:45 PDT"]
[Termination "alfiefischer77 won by resignation"]

1. f4 g6 2. Nf3 Bg7 3. g3 c5 4.
Bg2 Nc6 5. O-O Nf6 6. d3 d5 7. c3 O-O 8. Na3 Re8 9. Ne5 Qb6 10. Nxc6 bxc6 11. Kh1 Ba6 12. Re1 e5 13. fxe5 Ng4 14. Qb3 Rxe5 15. h3 Nf2+ 16. Kh2 Nxd3 17. Bf4 Nxf4 18.
gxf4 Rxe2 19. Rxe2 Bxe2 20. Qc2 Ba6 21. Re1 d4 22.
cxd4 cxd4 23. b3 d3 24. Qd2 Rd8 25. Nc4 Qd4 26. Bxc6 Bxc4 27. bxc4 Qxc4 28. Bg2 Bh6 29. Kg3 Rd4 30. Rf1 Qc2 31. Qe3 Rd8 32. Bd5 d2 33.
Bxf7+ Kxf7 34. Qxa7+ Kg8 35. Qe7 Qd3+ 36. Kg2 Qxf1+ 37.
Kxf1 d1=Q+ 38. Kg2 Rd2+ 39. Kg3 Qg1+ 40. Kh4 Qf2+ 41.
Kg4 Qg2+ 42. Kh4 Bg5+ 43. fxg5 Rd4+ 0-1

[Event "*** SCC Grand Prix: Titled Tuesday Blitz"]
[Site "Chess.com"]
[Date "2020.07.14"]
[Round "8"]
[White "ZenBull"]
[Black "Iskusnyh"]
[Result "0-1"]
[WhiteElo "2101"]
[BlackElo "2477"]
[TimeControl "180+1"]
[EndTime "11:36:45 PDT"]
[Termination "Iskusnyh won by resignation"]

1. Nf3 d5 2. d4 Nf6 3. c4 c6 4. Nc3 a6 5. Qc2 g6 6. Bg5 Bf5 7. Qb3 b5 8. cxd5 Nxd5 9. Nxd5 Qxd5 10. Qxd5 cxd5 11. e3 e6 12. a3 Be7 13. Bxe7 Kxe7 14.
Kd2 Rc8 15. Bd3 Nd7 16. Bxf5 gxf5 17. Rhc1 Nf6 18. Ke2 Ne4 19. Nd2 Nd6 20. b3 Kd7 21.
Kd1 a5 22. Rxc8 Rxc8 23. Rc1 Rg8 24. g3 b4 25. a4 h5 26. h4 Nb7 27. Ke2 f6 28. Kd3 e5 29. Rc2 Kd6 30. Rc1 Rg4 31.
dxe5+ fxe5 32. Ke2 Nc5 33. Rc2 Rg8 34. Rc1 Rc8 35. Rc2 Rc6 36. Rc1 e4 37. Rc2 Rb6 38. Rc1 Nd3 39. Rc2 Rb8 40. Nf1 Rg8 41. Nd2 Rg7 42. Nf1 f4 43. exf4 d4 44. Nd2 Nxf4+ 45.
gxf4 d3+ 46. Kd1 Rg1+ 0-1

[Event "*** SCC Grand Prix: Titled Tuesday Blitz"]
[Site "Chess.com"]
[Date "2020.07.14"]
[Round "8"]
[White "keepitcool9499"]
[Black "Nafania1"]
[Result "1-0"]
[WhiteElo "2562"]
[BlackElo "2438"]
[TimeControl "180+1"]
[EndTime "11:36:46 PDT"]
[Termination "keepitcool9499 won by resignation"]

1. d4 Nf6 2. c4 e6 3. Nc3 Bb4 4. Bd2 d5 5. e3 O-O 6. Nf3 b6 7.
Qc2 Bb7 8. a3 Bxc3 9. Bxc3 Nbd7 10. Bd3 Rc8 11. cxd5 exd5 12. O-O Ne4 13. Nd2 Nxc3 14.
Qxc3 c5 15. Bf5 g6 16. Bxd7 Qxd7 17. Rac1 Rfe8 18. Nf3 c4 19. Rfe1 f6 20. Nd2 b5 21.
Qa5 a6 22. Nf1 Re6 23. Ng3 Rce8 24. Ne2 g5 25. Ng3 R6e7 26. h3 f5 27. Qd2 h6 28.
Nh5 Qe6 29. Ng3 Qg6 30. a4 Kg7 31. axb5 axb5 32. Ra1 Qf7 33. Qb4 Bc6 34. Ra6 Bd7 35.
Rea1 f4 36. Nf1 f3 37. g4 h5 38. Nh2 hxg4 39. hxg4 Re6 40. Ra7 Rh6 41. Qc5 Reh8 42. Rxd7 Qxd7 43. Ra7 Qxa7 44. Qxa7+ Kg6 45. Qb6+ Kg7 46. Nxf3 Rh3 47. Kg2 Rh1 48. Qxb5 Rb1 49. Qxd5 Rf8 50. Qxc4 Rxb2 51. Qc7+ Rf7 52. Qe5+ Kf8 53.
Qxg5 Rb6 54. Qc5+ Kg7 55. Qxb6 Rf6 56. Qxf6+ Kxf6 57. Kg3 Kg6 58. Kf4 Kf6 59. e4 Kf7 60. Ng1 Kf6 61. f3 Ke6 62. g5 Kf7 63. Kg4 Kg6 64.
f4 1-0

[Event "*** SCC Grand Prix: Titled Tuesday Blitz"]
[Site "Chess.com"]
[Date "2020.07.14"]
[Round "8"]
[White "pedromartinez91"]
[Black "731291"]
[Result "1-0"]
[WhiteElo "2549"]
[BlackElo "2653"]
[TimeControl "180+1"]
[EndTime "11:36:47 PDT"]
[Termination "pedromartinez91 won on time"]

1. e4 e6 2. d4 d5 3. Nc3 Bb4 4. Qd3 Nf6 5. e5 Nfd7 6. Qg3 Kf8 7. Bg5 Be7 8. h4 h6 9. Bxe7+ Qxe7 10. O-O-O a6 11. f4 c5 12. Nf3 Nc6 13. f5 cxd4 14.
Nxd4 Ndxe5 15. fxe6 Bxe6 16. Be2 Nxd4 17. Rxd4 Nc6 18. Rf4 d4 19. Ne4 Rc8 20. Nd6 Rd8 21. Nxf7 Bxf7 22. Bh5 g6 23. Bxg6 Ne5 24. Rhf1 Rg8 25.
h5 d3 26. Qf2 d2+ 27. Kd1 Rd7 28. Re4 Rg7 29. Qe3 Rd5 30. Qxh6 Kg8 31. Bxf7+ Rxf7 32. Rxf7 Qxf7 33. Qg5+ Qg7 34. Qf5 Kh8 35. g4 b5 36.
g5 b4 37. h6 Qe7 38. g6 1-0

[Event "*** SCC Grand Prix: Titled Tuesday Blitz"]
[Site "Chess.com"]
[Date "2020.07.14"]
[Round "8"]
[White "TheNextLevelFan"]
[Black "NemtsevIgor"]
[Result "0-1"]
[WhiteElo "2511"]
[BlackElo "2354"]
[TimeControl "180+1"]
[EndTime "11:36:47 PDT"]
[Termination "NemtsevIgor won by resignation"]

1. d4 Nf6 2. c4 g6 3. Nc3 Bg7 4. e4 d6 5. f3 O-O 6. Be3 c5 7. d5 e6 8. Bd3 exd5 9. cxd5 a6 10. a4 Nbd7 11. Nge2 Ne5 12. O-O Rb8 13. a5 b5 14.
axb6 Rxb6 15. Ra2 h5 16. Bb1 Nc4 17. Bc1 h4 18. Qd3 Ne5 19. Qd2 Nh5 20. h3 Rb4 21.
f4 Nc4 22. Qd3 Qb6 23. Kh2 Bd7 24. e5 Bf5 25. Qf3 Bxb1 26. Nxb1 dxe5 27. f5 e4 28. Qg4 Be5+ 29. Kg1 Ng3 30. Nxg3 Bxg3 31. Qxe4 Nxb2 32. Qe2 c4+ 33. Kh1 Nd3 34. Be3 Qd6 35.
Nc3 Rb3 36. Ne4 Qe5 37. Nxg3 Qxg3 38. fxg6 Qxg6 39. Ra4 Rb2 40. Qf3 Ne5 41. Bd4 Nxf3 42. Bxb2 Nd2 43. Rf2 Ne4 44. Rf3 c3 45. Bxc3 Nxc3 46.
Rg4 Qxg4 47. hxg4 Nxd5 48. Ra3 Ra8 49. Kh2 a5 50. Kh3 a4 51. Kxh4 Nb6 52. Kh5 Nc4 53. Rc3 a3 54. Rxc4 a2 0-1

[Event "*** SCC Grand Prix: Titled Tuesday Blitz"]
[Site "Chess.com"]
[Date "2020.07.14"]
[Round "8"]
[White "ikhasu"]
[Black "Kaua18"]
[Result "1-0"]
[WhiteElo "2417"]
[BlackElo "2280"]
[TimeControl "180+1"]
[EndTime "11:36:47 PDT"]
[Termination "ikhasu won by checkmate"]

1. d4 Nf6 2. Bf4 b6 3. e3 Bb7 4. Nd2 e6 5. Ngf3 Be7 6. h3 c5 7. c3 O-O 8. Be2 d6 9. O-O Nbd7 10. a4 a6 11. Bh2 cxd4 12. exd4 Qc7 13. Bd3 Rfe8 14.
Re1 Bf8 15. Qc2 h6 16. Bg3 Rac8 17. Nh2 Qb8 18. Ng4 Qa8 19. f3 Bc6 20. Nxf6+ Nxf6 21. Nc4 Qb8 22. a5 b5 23. Nb6 Rcd8 24. b3 Nd5 25. Nxd5 Bxd5 26. c4 Rc8 27. Qe2 Bc6 28. Rec1 Qa7 29.
Bf2 Qb7 30. Ra2 d5 31. c5 Qc7 32. b4 Be7 33. Bb1 Bg5 34. Re1 Bf4 35. Qd3 g6 36.
Rae2 Bd7 37. Bh4 Kg7 38. Bf2 Bh2+ 39. Kh1 Bg3 40. Bxg3 Qxg3 41. Re5 f6 42. R5e3 Rcd8 43. f4 Qxf4 44. Qxg6+ Kf8 45. Rf3 Qxf3 46. gxf3 Ke7 47. Qg7# 1-0

[Event "*** SCC Grand Prix: Titled Tuesday Blitz"]
[Site "Chess.com"]
[Date "2020.07.14"]
[Round "8"]
[White "Shield12"]
[Black "SergeyKarjakin"]
[Result "0-1"]
[WhiteElo "2856"]
[BlackElo "2977"]
[TimeControl "180+1"]
[EndTime "11:36:48 PDT"]
[Termination "SergeyKarjakin won on time"]

1. e4 e5 2. Nf3 Nc6 3. Bb5 Nf6 4.
d3 Bc5 5. c3 O-O 6. O-O d5 7.
exd5 Qxd5 8. Bc4 Qd6 9. b4 Bb6 10. Ba3 Ne7 11. Qb3 Ng6 12. Nbd2 h6 13. b5 Bc5 14.
Bxc5 Qxc5 15. d4 exd4 16. cxd4 Qd6 17. Rfe1 Nf4 18. Ne5 Be6 19. Bxe6 Nxe6 20. Ndf3 Nxd4 21. Nxd4 Qxd4 22. Rad1 Qc5 23. Rc1 Qb6 24. Nc4 Qd4 25.
Ne3 Qd7 26. Red1 Qc8 27. Qc2 a6 28. bxa6 Rxa6 29. Qxc7 Qa8 30. Rc2 Ne4 31. Qe7 Re6 32. Qb4 b6 33. h3 Rfe8 34. Nf5 Ng5 35. Qc3 Rg6 36. Kf1 Ne4 37. Qf3 Qa4 38. Rcc1 Qxa2 39. Kg1 Ng5 40. Qg4 Qe6 0-1

[Event "*** SCC Grand Prix: Titled Tuesday Blitz"]
[Site "Chess.com"]
[Date "2020.07.14"]
[Round "8"]
[White "dopolian"]
[Black "louis198"]
[Result "0-1"]
[WhiteElo "2441"]
[BlackElo "2564"]
[TimeControl "180+1"]
[EndTime "11:36:48 PDT"]
[Termination "louis198 won on time"]

1. e4 e6 2. d4 d5 3. Nd2 Nf6 4. e5 Nfd7 5. Ngf3 c5 6. c3 Nc6 7.
Be2 Be7 8. Nf1 O-O 9. Ne3 f6 10. exf6 Bxf6 11. O-O Kh8 12. Rb1 a5 13. Ng4 e5 14.
Nxf6 gxf6 15. dxe5 Ndxe5 16. Bf4 Be6 17. Re1 Rg8 18. Bg3 Qd7 19. Qd2 Rae8 20. Rbd1 Bf7 21. Qf4 Re6 22. Nh4 d4 23. Bb5 Rg4 24. Qf5 Bg6 25.
Nxg6+ hxg6 26. Qc2 Qd5 27. Bxc6 bxc6 28. f3 Rg5 29. f4 Rxg3 30. hxg3 Ng4 31. Rxe6 Qxe6 32. Qd2 Ne3 33. Re1 Qe4 34. cxd4 cxd4 35. Rc1 Kg7 36.
a3 g5 37. b4 axb4 38. axb4 gxf4 39. gxf4 Qxf4 40. Re1 Qe4 41. Qf2 f5 42. Qg3+ Kf6 43.
Rc1 d3 44. Qf2 f4 45. Qd2 Qd4 46. Kh2 Ng4+ 47. Kh3 Ne5 0-1

[Event "*** SCC Grand Prix: Titled Tuesday Blitz"]
[Site "Chess.com"]
[Date "2020.07.14"]
[Round "8"]
[White "tigra"]
[Black "Indianlad"]
[Result "1/2-1/2"]
[WhiteElo "2845"]
[BlackElo "2946"]
[TimeControl "180+1"]
[EndTime "11:36:49 PDT"]
[Termination "Game drawn by repetition"]

1. e4 e5 2. Nf3 Nc6 3. Bc4 Bc5 4. c3 Nf6 5. d3 d6 6. Nbd2 a5 7. h3 O-O 8. O-O a4 9. Bb5 Bd7 10. Bxa4 Rxa4 11. Qxa4 Nb4 12. Qd1 Nxd3 13. Nb3 Nxf2 14. Rxf2 Bxf2+ 15. Kxf2 Nxe4+ 16. Kg1 Be6 17. Nbd2 Nxd2 18.
Qxd2 h6 19. b3 f5 20. c4 b6 21. Bb2 f4 22. Re1 Qa8 23. Qc3 Rf7 24. a4 Bd7 25. Rf1 e4 26. Nh4 f3 27. gxf3 Bxh3 28. Re1 exf3 29.
Kf2 Qd8 30. Qd4 Qg5 31. Rg1 Qe7 32. Nxf3 Bf5 33. Re1 Qf8 34. Kg3 Bd7 35. Nh4 Bc6 36.
Re6 Rf1 37. Rg6 Rf3+ 38. Kh2 Rf2+ 39. Kg3 Rf3+ 40. Kh2 Rf2+ 41. Kh3 Rf3+ 42. Kh2 1/2-1/2

[Event "*** SCC Grand Prix: Titled Tuesday Blitz"]
[Site "Chess.com"]
[Date "2020.07.14"]
[Round "8"]
[White "KingChess345"]
[Black "korkmaz16"]
[Result "0-1"]
[WhiteElo "2155"]
[BlackElo "2326"]
[TimeControl "180+1"]
[EndTime "11:36:49 PDT"]
[Termination "korkmaz16 won on time"]

1. d4 d5 2. Nf3 Nf6 3. g3 g6 4. Bg2 Bg7 5. O-O O-O 6. c4 c6 7. Qb3 dxc4 8. Qxc4 Nbd7 9. Nc3 Nb6 10. Qd3 Bf5 11.
e4 Be6 12. b3 h6 13. Bb2 Qc7 14. Rac1 Rad8 15. Rfd1 Ng4 16. Qe2 h5 17. h3 Nf6 18.
Ng5 Bc8 19. e5 Nfd5 20. Nxd5 Nxd5 21. Ba3 Bh6 22. h4 Rfe8 23. Rc5 Bxg5 24. hxg5 Bg4 25. f3 Be6 26. Rdc1 Qd7 27. f4 Bg4 28. Bf3 Bxf3 29. Qxf3 Qf5 30. Rf1 Rd7 31. Kg2 Nc7 32.
Rc4 Ne6 33. Bc5 b6 34. Qxc6 Red8 35. Ba3 Nxd4 36. Qa4 Ne6 37. Rf2 Qg4 38. Qc6 h4 39.
Qf3 h3+ 40. Kh2 Qf5 41. g4 Qb1 42. Kxh3 Rd3 0-1

[Event "*** SCC Grand Prix: Titled Tuesday Blitz"]
[Site "Chess.com"]
[Date "2020.07.14"]
[Round "8"]
[White "attack2mateU"]
[Black "Jumbo"]
[Result "0-1"]
[WhiteElo "2658"]
[BlackElo "2857"]
[TimeControl "180+1"]
[EndTime "11:36:50 PDT"]
[Termination "Jumbo won by resignation"]

1. e4 c5 2. Nf3 d6 3. d4 cxd4 4. Nxd4 Nf6 5. Nc3 Nc6 6. Bg5 e6 7. Qd2 a6 8. O-O-O Bd7 9. f3 Nxd4 10. Qxd4 Bc6 11. h4 h6 12. Be3 Qc7 13. Qd2 Rc8 14. Kb1 b5 15. Ne2 d5 16. e5 Nd7 17. f4 h5 18. f5 Nxe5 19. Nf4 exf5 20. Bd4 Bd6 21.
Re1 Kf8 22. Rh3 Ng4 23. Nd3 Kg8 24. Qg5 g6 25. Bxh8 Kxh8 26. Qd2 d4 27. Nf2 Be5 28. Nxg4 fxg4 29. Ra3 Bb7 30. Bd3 Kg7 31. Be4 Bf6 32.
Bxb7 Qxb7 33. Rd3 Qd5 34. g3 Qc4 35. Re2 a5 36. Qf4 a4 37. Rf2 Rc6 38. a3 Qc5 39.
Qe4 Re6 40. Qh1 Qe7 41. Rd1 Re3 42. Rfd2 Rxg3 43. Qd5 Qe5 44. Qc6 Re3 45. Rf1 Re1+ 46. Rd1 Rxd1+ 47. Rxd1 Bxh4 48. Qc5 Qxc5 0-1

[Event "*** SCC Grand Prix: Titled Tuesday Blitz"]
[Site "Chess.com"]
[Date "2020.07.14"]
[Round "8"]
[White "Mikasinski"]
[Black "Sychev_Klementy"]
[Result "0-1"]
[WhiteElo "2491"]
[BlackElo "2726"]
[TimeControl "180+1"]
[EndTime "11:36:50 PDT"]
[Termination "Sychev_Klementy won by checkmate"]

1. e4 e5 2. Nf3 Nc6 3. Nc3 Nf6 4. Bb5 Nd4 5. Nxd4 exd4 6. e5 dxc3 7. exf6 Qxf6 8. dxc3 Bc5 9. O-O O-O 10. Bd3 d6 11.
Qh5 h6 12. Bd2 Bd7 13. Rae1 Rae8 14. Be3 Re5 15. Qd1 Bxe3 16. fxe3 Qg5 17. Qd2 Bc6 18.
Qf2 g6 19. e4 Kg7 20. h4 Qe7 21. g3 a5 22. b4 Bxe4 23. Bxe4 Rxe4 24. bxa5 Qe5 25. Kh2 Rxe1 26. Rxe1 Qxc3 27. Re7 Qxa5 28. Qd4+ Kg8 29. Qf4 h5 30. a4 Qc3 31. Qe4 Qd2+ 32.
Kh3 Qc3 33. Qxb7 Qxc2 34. Qxc7 Qd1 35. Qc6 d5 36. Kg2 Qd2+ 37. Kf3 d4 38. Qe4 Qd1+ 39. Kg2 Rb8 40. Re8+ Rxe8 41. Qxe8+ Kg7 42. Qe5+ Kh7 43. Qf6 Qc2+ 44. Kf3 Qb3+ 45. Kf4 Qe3# 0-1

[Event "*** SCC Grand Prix: Titled Tuesday Blitz"]
[Site "Chess.com"]
[Date "2020.07.14"]
[Round "8"]
[White "Volodar_Murzin"]
[Black "marianokar"]
[Result "1-0"]
[WhiteElo "2713"]
[BlackElo "2440"]
[TimeControl "180+1"]
[EndTime "11:36:51 PDT"]
[Termination "Volodar_Murzin won on time"]

1. e4 e5 2. Nf3 Nc6 3. Bb5 Nf6 4. Ba4 Nxe4 5. d4 exd4 6. O-O Be7 7. Re1 d5 8. c4 Nc5 9. Bxc6+ bxc6 10. Nxd4 Bd7 11. Nc3 dxc4 12. Qf3 O-O 13. Nxc6 Bxc6 14. Qxc6 Nd3 15. Rd1 Bc5 16. Ne4 Qe7 17. Nxc5 Qxc5 18. Qxc5 Nxc5 19. Be3 Nd3 20. b3 Rfd8 21. bxc4 a6 22.
Rab1 Ne5 23. c5 Nc4 24. Bf4 Rxd1+ 25. Rxd1 c6 26. h4 f6 27. Rd7 Re8 28. Rc7 Re1+ 29.
Kh2 Re2 30. Kg3 Na5 31. a4 Ra2 32. h5 h6 33. Kg4 Rxa4 34. Kf5 Kh7 35. Bd6 Ra2 36.
f4 Rd2 37. g4 Rd5+ 38. Ke6 1-0

[Event "*** SCC Grand Prix: Titled Tuesday Blitz"]
[Site "Chess.com"]
[Date "2020.07.14"]
[Round "8"]
[White "Zubrrr"]
[Black "ural58"]
[Result "0-1"]
[WhiteElo "2624"]
[BlackElo "2501"]
[TimeControl "180+1"]
[EndTime "11:36:51 PDT"]
[Termination "ural58 won on time"]

1. e4 d5 2. exd5 Qxd5 3. Nc3 Qa5 4. Nf3 Nf6 5. Bc4 Nc6 6. h3 Ne5 7. Nxe5 Qxe5+ 8. Be2 c6 9. d4 Qc7 10. O-O Bf5 11. Bf3 e6 12. Bg5 Be7 13. Qe2 O-O 14. Rad1 Rad8 15. a3 h6 16. Bh4 Bg6 17.
Rd2 Rfe8 18. Rfd1 Nd5 19. Bxd5 exd5 20. Bxe7 Rxe7 21. Qf1 Rde8 22. Ne2 Bh5 23. f3 Bg6 24.
Qf2 a5 25. c3 b5 26. Nc1 Qf4 27. Re2 Qxc1 28. Rxc1 Rxe2 29. Qg3 Rxb2 30. Re1 Rc8 31. Qg4 Rd8 32. Qf4 Rb3 33. Qc7 Rf8 34. Qxc6 Bd3 35. Qxd5 Rxa3 36. Qc5 Ra2 37. d5 Bc4 38. d6 Rd2 39. Qc6 a4 40. d7 Be6 41. Rxe6 fxe6 42. Qxe6+ Kh8 43. Qb6 a3 44. Qxb5 a2 0-1

[Event "*** SCC Grand Prix: Titled Tuesday Blitz"]
[Site "Chess.com"]
[Date "2020.07.14"]
[Round "8"]
[White "EvgenyRomanov"]
[Black "ChainsOfFantasia"]
[Result "0-1"]
[WhiteElo "2590"]
[BlackElo "2486"]
[TimeControl "180+1"]
[EndTime "11:36:51 PDT"]
[Termination "ChainsOfFantasia won by checkmate"]

1. d4 Nf6 2. Nf3 e6 3. Bf4 d5 4.
e3 c5 5. Nbd2 Nc6 6. c3 Bd6 7.
dxc5 Bxc5 8. Bd3 b6 9. O-O Bb7 10.
Qe2 O-O 11. Rad1 Qe7 12. e4 dxe4 13. Nxe4 Nxe4 14. Qxe4 g6 15. Qe2 a5 16. Rfe1 Rfe8 17. h4 Rad8 18. h5 Rd5 19. hxg6 hxg6 20. Be4 Rxd1 21. Rxd1 Rd8 22. Re1 Rd7 23. Ng5 Nd8 24. Bxb7 Nxb7 25. Qf3 Rd5 26. Qg3 Nd6 27. Be5 Nf5 28.
Qf4 f6 29. Bxf6 Qxf6 30. Rxe6 Rd1+ 31. Kh2 Qh8+ 32. Nh3 Bd6 33. Rxd6 Nxd6 34. Qe3 Qh5 35. Qe6+ Kg7 36. Qe7+ Nf7 37. f4 Rd6 38. Kg3 Rf6 39. Ng5 Qh8 40. Ne4 Rf5 41. Nd6 Qh5 42. Nxf5+ Qxf5 43. Qe3 g5 44. Qxb6 Qxf4+ 45. Kh3 Qh4# 0-1

[Event "*** SCC Grand Prix: Titled Tuesday Blitz"]
[Site "Chess.com"]
[Date "2020.07.14"]
[Round "8"]
[White "francyIM"]
[Black "Supernotar"]
[Result "0-1"]
[WhiteElo "2651"]
[BlackElo "2835"]
[TimeControl "180+1"]
[EndTime "11:36:52 PDT"]
[Termination "Supernotar won by resignation"]

1. d4 d5 2. c4 dxc4 3. Nf3 Nf6 4. e3 e6 5. Bxc4 a6 6. a4 c5 7. O-O Nc6 8. Qe2 cxd4 9. Rd1 Be7 10. exd4 O-O 11. Nc3 Nb4 12. Bg5 Nfd5 13. Bxe7 Nxe7 14. Ne5 Nbd5 15. Qf3 Nxc3 16. bxc3 Qc7 17. Bd3 Bd7 18. c4 Rad8 19. Ra3 Nf5 20. Bxf5 exf5 21. Qh5 Be6 22.
Rg3 f6 23. Rh3 h6 24. Ng6 Rfe8 25. Rg3 Bf7 26. Qxf5 Rxd4 27. Rf1 Qxc4 28. Qb1 Qxa4 29. h4 Rg4 30. h5 Rxg3 31. fxg3 Qd4+ 32. Kh2 Qd5 33.
g4 Re2 34. Nf4 Qe5 35. Qxb7 Be6 36. Qxa6 Bxg4 37. Qc4+ Kh7 38. Qd3+ Re4 39. Kg1 Qc5+ 40. Kh2 f5 41. Qg3 Qe5 42. Ng6 Qxg3+ 43. Kxg3 Bxh5 44. Nf8+ Kg8 45. Rxf5 Be8 46. Rf2 Re7 47. Rf4 Bf7 0-1

[Event "*** SCC Grand Prix: Titled Tuesday Blitz"]
[Site "Chess.com"]
[Date "2020.07.14"]
[Round "8"]
[White "LuckSlayeer"]
[Black "ItsCheckM8Mate"]
[Result "0-1"]
[WhiteElo "2387"]
[BlackElo "2280"]
[TimeControl "180+1"]
[EndTime "11:36:52 PDT"]
[Termination "ItsCheckM8Mate won on time"]

1. e4 e5 2. Nf3 Nc6 3. d4 exd4 4. Nxd4 Nf6 5. Nxc6 bxc6 6. e5 Qe7 7. Qe2 Nd5 8.
c4 Ba6 9. b3 g6 10. Bb2 Bg7 11.
g3 O-O 12. Bg2 Rae8 13. O-O Bxe5 14. Bxe5 Qxe5 15. Qxe5 Rxe5 16. cxd5 Bxf1 17. Kxf1 cxd5 18. Nc3 c6 19. Rd1 Rfe8 20. Bf3 Kf8 21. Na4 Ke7 22. Nc5 Kd6 23. b4 Rb8 24. a3 a5 25. Nd3 Ree8 26. h4 axb4 27. axb4 Ra8 28. Kg2 Ra3 29. h5 Rb3 30. h6 Ra8 31. Be2 Kc7 32. Nc5 Rb2 33. Bf1 Raa2 34. Nd3 Rd2 35. Re1 Kd6 36. Re8 Ra3 37. Nc5 Raa2 38. Nd3 Ra3 39. Nf4 Raa2 40. Nh3 g5 41. Nxg5 Rxf2+ 42. Kg1 Rf6 43. Rh8 Ra1 44.
Rxh7 Raxf1+ 45. Kg2 R6f2+ 46. Kh3 f5 0-1

[Event "*** SCC Grand Prix: Titled Tuesday Blitz"]
[Site "Chess.com"]
[Date "2020.07.14"]
[Round "8"]
[White "realmadridtv"]
[Black "Alindsay211"]
[Result "1-0"]
[WhiteElo "2462"]
[BlackElo "2300"]
[TimeControl "180+1"]
[EndTime "11:36:53 PDT"]
[Termination "realmadridtv won on time"]

1. d4 Nf6 2. c4 g6 3. g3 Bg7 4.
Bg2 O-O 5. Nf3 c6 6. O-O d5 7.
Qb3 dxc4 8. Qxc4 Be6 9. Qc2 Bf5 10. Qb3 Qb6 11. Nc3 Ne4 12. Be3 Nxc3 13. bxc3 Be4 14. Nd2 Bxg2 15. Kxg2 Nd7 16. Nc4 Qc7 17. a4 e5 18.
Rac1 b6 19. Rfd1 exd4 20. Bxd4 Bxd4 21. cxd4 Nf6 22. Ne5 c5 23. Nf3 Rac8 24. dxc5 bxc5 25. Qc4 Qc6 26. Rd3 Rfe8 27. Rcd1 Re4 28. Qc1 Rxa4 29. Rd6 Qb7 30. Rxf6 c4 31. Rfd6 c3 32. Rd8+ Kg7 33. Rxc8 Qxc8 34. Qc2 Rc4 35. Rd3 a5 36. Nd4 a4 37. f3 Qc5 38. e3 a3 39. Ne2 a2 40. Qxa2 c2 41. Qa1+ Kh6 42. Nc1 Qb4 43.
Rd4 Qb1 44. Qa3 Rc8 45. h4 Kg7 46. h5 gxh5 47. Rf4 f6 48. Qe7+ Kg8 49. Qe6+ 1-0